 Dungeon Crawl Stone Soup version 0.18-a0-844-g9229740 (webtiles) character file.

367879 ThermosAquaticus the Executioner (level 22, -17/196 HPs)
             Began as a Hill Orc Abyssal Knight on Dec 16, 2015.
             Was the Champion of Lugonu.
             Blown up by Boris (47 damage)
             ... with a wavering orb of destruction
             ... on level 4 of the Vaults on Dec 18, 2015.
             The game lasted 05:17:12 (65810 turns).

ThermosAquaticus the Executioner (HOAK)            Turns: 65810, Time: 05:17:14

Health: -17/196    AC: 36    Str: 17    XL:     22   Next: 59%
Magic:  29/31      EV: 19    Int: 22    God:    Lugonu [******]
Gold:   2876       SH:  0    Dex: 17    Spells: 4 memorised, 23 levels left

rFire  + + .     SeeInvis .     o - +7 executioner's axe (elec)
rCold  . . .     Gourm    .     u - +8 fire dragon armour
rNeg   . . .     Faith    .     (shield currently unavailable)
rPois  +         Spirit   .     C - +2 helmet {Int+3}
rElec  .         Dismiss  .     J - +2 cloak {rPois}
rCorr  .         Reflect  .     I - +2 pair of gloves {Dex+3}
SustAt .         Harm     .     t - +2 pair of boots
MR     ++...                    h - amulet of regeneration
Stlth  ..........               Y - ring of protection from magic
                                Z - ring of Kaox {rC+ Int+7}

@: lethally poisoned (-17 -> -17), marked, regenerating, repel missiles, very
resistant to hostile enchantments, extremely unstealthy
A: dopey 1, weak 1
a: Depart the Abyss, Bend Space, Banish, Corrupt, Enter the Abyss, Renounce
Religion
}: 2/15 runes: decaying, gossamer


You were on level 4 of the Vaults.
You worshipped Lugonu.
Lugonu was exalted by your worship.
You were not hungry.

You visited 7 branches of the dungeon, and saw 40 of its levels.
You visited the Abyss 4 times.
You visited 1 bazaar.
You also visited: Ossuary, Ice Cave and Volcano.

You collected 5302 gold pieces.
You spent 2426 gold pieces at shops.

Inventory:

Hand Weapons
 o - a +7 executioner's axe of electrocution (weapon)
 O - a +0 blowgun
Missiles
 j - 5 curare-tipped needles
Armour
 t - a +2 pair of boots (worn)
 u - a +8 fire dragon armour (worn)
 C - a +2 helmet of intelligence (worn)
 I - a +2 pair of gloves of dexterity (worn)
 J - a +2 cloak of poison resistance (worn)
Rods
 G - a +2 rod of ignition (12/12)
   (You found it on level 3 of the Elven Halls)
Jewellery
 g - the ring "Iqyl" {+Fly rElec rC- MP+9 Str+4}
   (You found it on level 2 of the Orcish Mines)

   [ring of flight]

   It affects your strength (+4).
   It makes you vulnerable to cold.
   It insulates you from electricity.
   It affects your magic capacity (+9).
   It lets you fly.
 h - an amulet of regeneration (around neck)
 m - an uncursed ring of positive energy
 w - a +5 ring of slaying
 A - an uncursed ring of protection from fire
 B - an uncursed amulet of resist corrosion
 F - an uncursed ring of wizardry
 L - the amulet "Ifiat" {Gourm MR+ Int+3}
   (You bought it in a shop on level 13 of the Dungeon)

   [amulet of the gourmand]

   It allows you to eat raw meat even when not hungry.
   It affects your intelligence (+3).
   It affects your resistance to hostile enchantments.
 Y - a ring of protection from magic (right hand)
 Z - the ring of Kaox (left hand) {rC+ Int+7}
   (You found it on level 3 of the Elven Halls)

   [ring of protection from cold]

   It affects your intelligence (+7).
   It protects you from cold.
Wands
 k - a wand of disintegration (8)
 n - a wand of disintegration (6)
 q - a wand of teleportation (6)
 y - a wand of fire (8)
 H - a wand of digging (11)
 M - a wand of fire (4)
 U - a wand of fire (11)
Scrolls
 d - 6 scrolls of fog
 f - 2 scrolls of enchant armour
 x - 2 scrolls of magic mapping
 D - 18 scrolls of remove curse
 E - 5 scrolls of recharging
 Q - 5 scrolls of fear
 R - 2 scrolls of amnesia
 T - 20 scrolls of identify
 X - a scroll of silence
Potions
 a - a potion of berserk rage
 e - 4 potions of brilliance
 i - 4 potions of resistance
 p - 8 potions of flight
 r - a potion of magic
 s - 4 potions of cancellation
 v - 8 potions of curing
 K - 2 potions of invisibility
 P - a potion of haste
Miscellaneous
 N - a phial of floods
 S - a sack of spiders
Comestibles
 b - 29 fruits
 c - 26 bread rations
 l - 6 chunks of flesh
 z - 9 meat rations


   Skills:
 - Level 16.3 Fighting
 - Level 26.0 Axes
 - Level 14.7 Armour
 * Level 15.1 Dodging
 - Level 5.2 Spellcasting
 - Level 7.7 Charms
 - Level 7.0 Necromancy
 - Level 6.8 Translocations
 - Level 6.1 Air Magic
 - Level 12.5 Invocations
 - Level 8.1 Evocations


You had 23 spell levels left.
You knew the following spells:

 Your Spells              Type           Power        Failure   Level  Hunger
a - Apportation           Tloc           #####.....   1%          1    None
b - Repel Missiles        Chrm/Air       #####.       2%          2    None
c - Regeneration          Chrm/Necr      #####.....   4%          3    ##.....
d - Blink                 Tloc           N/A          2%          2    None


Dungeon Overview and Level Annotations

Branches:
Dungeon (15/15)            Temple (0/1) D:5            Lair (8/8) D:8
  Swamp (4/4) Lair:3       Spider (4/4) Lair:5        Slime (0/6) Lair:8
    Orc (2/2) D:10            Elf (3/3) Orc:2        Vaults (4/5) D:13
  Crypt (0/3) Vaults:2     Depths (0/5) D:15

Altars:
Ashenzari
Cheibriados
Dithmenos
Fedhas
Makhleb
Okawaru
Trog
Vehumet
Beogh

Shops:
D:5 (   D:6 [   D:8 *   D:13 =   Orc:2 ?(=[   Elf:2 }   Elf:3 :   Vaults:2 :
Vaults:3 %=:*(

Annotations:
Lair:4 exclusion: oklob plant
Swamp:1 exclusion: Roxanne, Roxanne
Spider:4 corrupted
Elf:3 34 runed doors, corrupted
Vaults:4 Boris
Abyss:1 Arachne


Innate Abilities, Weirdness & Mutations

You are dopey. (Int -2)
You are weak. (Str -2)


Message History

Something closely misses you. Something barely misses you.
You slash something! You closely miss the orc warrior.
The orc warrior is severely wounded.
The orc warrior hits you but does no damage.
Unknown command.
You barely miss something. You slash the elf skeleton!
You hit the orc warrior but do no damage.
The orc warrior is severely wounded.
You feel sick.
Something conjures a glowing orb.
The wavering orb of destruction weakly hits you!
* * * LOW HITPOINT WARNING * * *
Unknown command.
You barely miss something. You slice the elf skeleton!!
You hit the necromancer.
There is a sudden explosion of sparks!
The necromancer is heavily wounded.
The elf skeleton hits you but does no damage.
Something conjures a glowing orb.
The wavering orb of destruction weakly hits you!
You die...

#......#....# ...
+......#....#
....#......#.†..#
....########....#
................#
................#
................####
#
.......§)p...........
.
......)Z@{o..........
.
##+#######......#####
# #?.....# #......#
#......# #......#
#......# #......#


You could see a necromancer, an orc warrior (frenzied) and an elf skeleton.

Vanquished Creatures
  Norris (Elf:3)
  Nikola (Elf:1)
  An Ice Fiend (IceCv)
  A deep elf blademaster (Elf:3)
  A tentacled starspawn (Abyss:1)
  Frances (Abyss:1)
  A thorn hunter (Swamp:4)
  Gastronok (D:8)
  2 sphinxes
  Kirke (D:14)
  A tengu reaver (Vaults:3)
  A fire giant (Vaults:4)
  Donald (Swamp:4)
  Maud (Lair:6)
  7 vault wardens
  6 deep elf elementalists
  An orc warlord (Orc:2)
  4 deep elf sorcerers
  11 ironheart preservers
  4 stone giants
  4 very ugly things
  Nessos (D:14)
  6 deep elf demonologists
  A salamander stormcaller (Vaults:2)
  11 deep elf annihilators
  A spark wasp (Spider:3)
  5 deep elf death magi
  2 ettins (Vaults:2)
  3 vault guards (Vaults:1)
  4 fire dragons
  8 yaktaur captains
  2 great orbs of eyes
  3 rakshasas (Vaults:1)
  2 entropy weavers
  6 deep elf high priests (Elf:3)
  Harold (D:11)
  16 hydras
  An ice dragon (Vaults:3)
  Erica (Lair:3)
  9 ogre magi
  2 tengu warriors
  24 dancing weapons
  6 alligators
  8 centaur warriors
  A deep troll shaman (Vaults:1)
  A deep troll earth mage (Vaults:4)
  16 death yaks
  A vampire mage (Vaults:2)
  Urug (Lair:3)
  4 fire crabs
  5 orc high priests
  27 deep elf knights
  Sonja (D:13)
  12 deep trolls
  A shadow wraith (Vaults:2)
  A salamander mystic (Volcano)
  8 skeletal warriors
  12 swamp dragons
  A wizard (Vaults:2)
  11 ironbrand convokers
  A deep troll (shapeshifter) (Vaults:2)
  3 unseen horrors
  25 deep elf archers
  2 shambling mangroves
  2 flayed ghosts (Vaults:2)
  A sphinx zombie (Vaults:4)
  A giant orange brain (Vaults:2)
  5 hill giants
  18 orb spiders
  Pikel (D:7)
  A harpy (shapeshifter) (D:15)
  6 orc sorcerers
  22 wolf spiders
  15 orc knights
  6 griffons
  A phantasmal warrior (Vaults:2)
  4 salamanders (Volcano)
  6 manticores
  18 ugly things
  75 deep elf magi
  6 hornets
  A sixfirhy (Abyss:1)
  A shining eye (Lair:8)
  6 black mambas
  9 cyclopes
  A large abomination (Vaults:2)
  3 elephants (Lair:7)
  An apocalypse crab (Abyss:1)
  8 vault sentinels
  3 gargoyles
  A moth of wrath (Spider:4)
  Joseph (D:7)
  Psyche (D:11)
  3 torpor snails
  6 demonic crawlers
  2 kobold demonologists
  6 komodo dragons
  A fire drake (Lair:7)
  27 spiny frogs
  24 yaktaurs
  5 freezing wraiths
  5 spriggan druids
  3 anaconda simulacra (IceCv)
  9 trolls
  4 ice devils
  A human skeleton (Vaults:4)
  A queen bee (shapeshifter) (D:15)
  23 jumping spiders
  A merfolk (D:12)
  A two-headed ogre (shapeshifter) (Elf:2)
  13 polar bears
  4 giant leeches
  38 slime creatures
  11 bog bodies
  11 blink frogs
  4 boulder beetles
  A trapdoor spider zombie (D:14)
  2 human simulacra
  43 redbacks
  17 spriggans
  6 shadows
  12 two-headed ogres
  A tarantella (shapeshifter) (Vaults:1)
  22 trapdoor spiders
  A dire elephant simulacrum (IceCv)
  A spriggan (shapeshifter) (Vaults:2)
  2 air elementals
  17 tarantellas
  57 yaks
  6 water elementals
  A hippogriff (shapeshifter) (Vaults:4)
  18 hippogriffs
  A golden eye (shapeshifter) (Vaults:2)
  5 wyverns
  2 hungry ghosts
  2 iron troll simulacra (IceCv)
  2 yaktaur simulacra (Vaults:2)
  10 basilisks
  40 vampire mosquitoes
  3 hogs (D:14)
  9 wargs
  4 fire elementals
  A mottled dragon (Vaults:1)
  24 water moccasins
  2 death yak simulacra (IceCv)
  A harpy simulacrum (IceCv)
  11 insubstantial wisps
  30 wolves
  24 swamp worms
  11 porcupines
  Duvessa (D:5)
  A soldier ant (D:14)
  A slave (D:7)
  21 swamp drakes
  4 hydra simulacra (IceCv)
  42 orc warriors
  3 sky beasts
  2 ice beasts
  4 phantoms
  6 wasps
  5 black bears
  43 ogres
  15 centaurs
  2 necrophages
  5 boggarts (Vaults:2)
  2 tengu (shapeshifter) (D:15)
  2 ettin simulacra
  3 eyes of draining
  2 big kobolds
  12 crocodiles
  Dowan (D:5)
  An earth elemental (Elf:2)
  5 scorpions
  12 giant frogs
  4 electric eels
  11 killer bees
  3 quasits
  16 wights
  2 vampire bats (D:7)
  11 crimson imps
  12 centaur zombies
  2 giant frog zombies (D:12)
  A swamp dragon simulacrum (IceCv)
  13 hounds
  2 centaur skeletons
  A human zombie (Ossuary)
  12 jellies
  2 draconian simulacra (IceCv)
  3 giant frog skeletons
  27 orc priests
  5 troll simulacra (IceCv)
  Jessica (D:2)
  34 orc wizards
  Ijyb (D:2)
  9 iguanas
  17 worker ants
  9 sheep
  3 wolf simulacra (IceCv)
  2 centaur simulacra (IceCv)
  2 hound zombies (D:6)
  3 mummies (Ossuary)
  A hound skeleton (D:6)
  5 worker ant zombies
  Robin (D:2)
  2 ogre simulacra (IceCv)
  12 gnolls
  5 naga simulacra (IceCv)
  66 river rats
  10 adders
  8 shadow imps
  5 white imps (IceCv)
  5 ufetubi (IceCv)
  16 oozes (Lair:5)
  4 adder skeletons
  8 worms
  The ghost of 4thArraOfDagon the Grave Robber, a weakling FeNe (D:6)
  7 giant geckos
  108 orcs
  2 ball pythons
  5 giant cockroaches
  20 goblins
  8 hobgoblins
  13 jackals
  20 kobolds
  6 quokkas
  8 bats
  6 giant newts
  A goblin zombie (Ossuary)
  A hobgoblin zombie (Ossuary)
  A kobold zombie (Ossuary)
  2 orc zombies (Ossuary)
  2 quokka zombies (D:6)
  13 rats
  A rat zombie (D:5)
  19 briar patches (Swamp:4)
  2 crawling corpses (Elf:3)
  4 fungi
  6 plants
  2 starspawn tentacles (Abyss:1)
1934 creatures vanquished.

Vanquished Creatures (collateral kills)
  2 redbacks (Spider:2)
2 creatures vanquished.

Vanquished Creatures (others)
  A deep elf master archer (Elf:3)
  The ghost of George the Grand Gadgeteer, an adept HuAr of Pakellas (Spider:4)
  A deep elf blademaster (Elf:3)
  An eldritch tentacle (Elf:3)
  A thorn hunter (Swamp:4)
  A tengu reaver (Vaults:4)
  3 deep elf sorcerers (Elf:3)
  A ghost moth (Spider:4)
  Aizul (Spider:4)
  5 emperor scorpions (Spider:4)
  2 deep elf elementalists
  A deep elf demonologist (Elf:3)
  A spark wasp (Spider:4)
  2 deep elf death magi (Elf:3)
  5 deep elf high priests (Elf:3)
  An entropy weaver (Spider:4)
  A ghost crab (Swamp:4)
  5 dancing weapons
  An alligator (Swamp:1)
  A spriggan berserker (Swamp:4)
  5 deep elf knights
  A fire crab (shapeshifter) (Elf:2)
  3 swamp dragons
  2 shambling mangroves
  A lindwurm (shapeshifter) (Elf:1)
  6 orb spiders (Spider:4)
  6 wolf spiders
  12 deep elf magi
  A hornet (Spider:1)
  An ice statue (IceCv)
  A spiny frog (Swamp:2)
  3 demonic crawlers
  A freezing wraith (IceCv)
  7 jumping spiders
  A giant leech (Swamp:2)
  A boulder beetle (Spider:3)
  A bog body (Swamp:4)
  4 slime creatures
  6 redbacks
  8 trapdoor spiders
  3 tarantellas (Spider:4)
  A dire elephant simulacrum (IceCv)
  A yak (D:10)
  A wraith (D:12)
  3 vampire mosquitoes
  A human (D:14)
  A hydra simulacrum (IceCv)
  An insubstantial wisp (Swamp:1)
  A warg (shapeshifter) (Elf:1)
  A spatial vortex (Spider:4)
  8 swamp worms
  A wasp (Swamp:3)
  An orc warrior (Elf:1)
  A slave (D:7)
  A centaur (Vaults:1)
  A wight (D:14)
  A vampire bat (D:7)
  A jelly (D:7)
  An orc wizard (D:12)
  A centaur skeleton (D:12)
  A troll simulacrum (IceCv)
  3 ufetubi (IceCv)
  An orc (D:12)
  2 bats (D:7)
  2 briar patches (Swamp:4)
  67 eldritch tentacle segments (Elf:3)
  13 fungi
  10 plants
  12 starspawn tentacles
  15 starspawn tentacle segments
264 creatures vanquished.

Grand Total: 2200 creatures vanquished

Notes
Turn   | Place    | Note
--------------------------------------------------------------
     0 | Abyss:1  | ThermosAquaticus the Hill Orc Abyssal Knight began the quest for the Orb.
     0 | Abyss:1  | Reached XP level 1. HP: 19/19 MP: 2/2
    64 | Abyss:1  | Noticed a large abomination
    65 | D:1      | Escaped the Abyss
   104 | D:1      | Reached * piety under Lugonu
   152 | D:1      | Reached XP level 2. HP: 23/26 MP: 3/3
   250 | D:1      | Reached skill level 4 in Axes
   926 | D:2      | Reached XP level 3. HP: 31/31 MP: 4/4
   937 | D:2      | Noticed Ijyb
   938 | D:2      | Noticed Robin
  1122 | D:2      | Reached skill level 5 in Axes
  1366 | D:2      | Noticed Jessica
  1373 | D:2      | Killed Jessica
  1373 | D:2      | Reached skill level 6 in Axes
  1373 | D:2      | Reached XP level 4. HP: 35/39 MP: 5/5
  1469 | D:2      | Reached skill level 1 in Dodging
  1601 | D:2      | Killed Robin
  1601 | D:2      | Reached ** piety under Lugonu
  1769 | D:2      | Killed Ijyb
  1769 | D:2      | Reached XP level 5. HP: 34/45 MP: 6/6
  2687 | D:3      | Reached skill level 7 in Axes
  2692 | D:3      | Reached *** piety under Lugonu
  2701 | D:3      | Reached XP level 6. HP: 34/51 MP: 6/8
  3218 | D:3      | Found a shattered altar of Ashenzari.
  3222 | D:3      | Saw a vision of the Swamp and the Spider Nest.
  3222 | D:3      | Noticed an alligator
  3404 | D:3      | Noticed a trapdoor spider
  3449 | D:3      | Reached skill level 8 in Axes
  3656 | D:4      | Found a shadowy altar of Dithmenos.
  3750 | D:4      | Reached XP level 7. HP: 38/57 MP: 10/10
  4428 | D:5      | Entered Level 5 of the Dungeon
  4447 | D:5      | Found a sand-covered staircase.
  4459 | Ossuary  | Entered an ossuary
  4518 | Ossuary  | Reached skill level 9 in Axes
  4866 | D:5      | Reached **** piety under Lugonu
  4879 | D:5      | Found Hutti's Weapon Shop.
  4919 | D:5      | Reached skill level 10 in Axes
  4919 | D:5      | Reached XP level 8. HP: 27/67 MP: 11/11
  5181 | D:5      | Found an iron altar of Okawaru.
  5377 | D:5      | Reached skill level 5 in Fighting
  5535 | D:5      | Found a staircase to the Ecumenical Temple.
  5681 | D:5      | Noticed Dowan
  5693 | D:5      | Noticed Duvessa
  5714 | D:5      | Killed Duvessa
  5714 | D:5      | Reached skill level 11 in Axes
  5720 | D:5      | Killed Dowan
  6007 | D:6      | Noticed 4thArraOfDagon's ghost (weakling FeNe)
  6014 | D:6      | Killed 4thArraOfDagon's ghost
  6346 | D:6      | Reached skill level 12 in Axes
  6582 | D:6      | Reached XP level 9. HP: 56/75 MP: 12/12
  6681 | D:6      | Found Jonness's Antique Armour Boutique.
  7460 | D:7      | Noticed Joseph
  7479 | D:7      | Killed Joseph
  7479 | D:7      | Reached ***** piety under Lugonu
  7479 | D:7      | Reached skill level 13 in Axes
  7661 | D:7      | Noticed Pikel
  7678 | D:7      | Killed Pikel
  8009 | D:8      | Reached XP level 10. HP: 81/83 MP: 13/13
  8025 | D:8      | Reached skill level 5 in Invocations
  8030 | D:8      | Reached skill level 14 in Axes
  8051 | D:8      | Found a staircase to the Lair.
  8546 | D:8      | Noticed Gastronok
  8590 | D:8      | Killed Gastronok
  8590 | D:8      | Reached skill level 15 in Axes
  9152 | D:8      | Found Caxzoimp's General Store.
  9364 | D:9      | Reached XP level 11. HP: 81/89 MP: 18/18
  9836 | D:9      | Reached ****** piety under Lugonu
 10146 | D:9      | Reached skill level 5 in Dodging
 10431 | D:9      | Found a snail-covered altar of Cheibriados.
 10431 | D:9      | Found a blossoming altar of Fedhas.
 10511 | D:10     | Entered Level 10 of the Dungeon
 10515 | D:10     | Reached skill level 16 in Axes
 10837 | D:10     | Learned a level 1 spell: Apportation
 11158 | D:10     | Found a staircase to the Orcish Mines.
 11182 | D:10     | Reached skill level 5 in Armour
 11834 | Lair:1   | Entered Level 1 of the Lair of Beasts
 13331 | Lair:1   | Noticed a five-headed hydra
 13344 | Lair:1   | Killed a five-headed hydra
 13864 | Lair:2   | Reached XP level 12. HP: 34/106 MP: 11/19
 14206 | Lair:2   | Reached skill level 1 in Evocations
 14399 | Lair:2   | Noticed a death yak
 14403 | Lair:2   | Reached skill level 10 in Fighting
 14404 | Lair:2   | Noticed a death yak
 14416 | Lair:2   | Noticed Erica
 14418 | Lair:2   | Noticed a death yak
 14435 | Lair:2   | Killed a death yak
 15767 | Lair:3   | Killed Erica
 15828 | Lair:3   | Reached skill level 5 in Evocations
 15990 | Lair:3   | Noticed Urug
 16035 | Lair:3   | Killed Urug
 16566 | Lair:3   | Noticed a four-headed hydra
 16575 | Lair:3   | Killed a four-headed hydra
 17098 | Lair:3   | Found a staircase to the Swamp.
 17391 | Lair:4   | Noticed a death yak
 17393 | Lair:4   | Noticed a death yak
 17399 | Lair:4   | Noticed a death yak
 18300 | Lair:4   | Killed a death yak
 18300 | Lair:4   | Reached XP level 13. HP: 44/113 MP: 13/20
 18939 | D:6      | Bought a cloak for 157 gold pieces
 18944 | D:6      | Bought a shiny ring mail for 140 gold pieces
 18954 | D:6      | Bought a runed ring mail for 140 gold pieces
 19915 | Lair:5   | Found a hole to the Spider Nest.
 20573 | Lair:5   | Reached skill level 10 in Armour
 21407 | Lair:5   | Found a bloodstained altar of Trog.
 22717 | Lair:6   | Reached skill level 10 in Invocations
 22776 | Lair:6   | Noticed Maud
 22799 | Lair:6   | Killed Maud
 23122 | Lair:6   | Reached XP level 14. HP: 126/126 MP: 22/22
 24728 | Lair:8   | Entered Level 8 of the Lair of Beasts
 25115 | Lair:8   | Reached skill level 10 in Dodging
 26223 | Lair:8   | Paralysed by a wasp for 2 turns
 26232 | Lair:8   | Paralysed by a wasp for 2 turns
 26666 | Lair:8   | Identified the Tome of Transformation
 27744 | Lair:8   | Found a staircase to the Slime Pits.
 27907 | Lair:8   | Reached XP level 15. HP: 111/132 MP: 24/24
 28440 | Orc:1    | Entered Level 1 of the Orcish Mines
 28468 | Orc:1    | Found a dark tunnel.
 28479 | Volcano  | Entered a volcano
 28498 | Volcano  | Found a bloodstained altar of Trog.
 29071 | Orc:1    | Found a bloodstained altar of Trog.
 29359 | Orc:2    | Entered Level 2 of the Orcish Mines
 29757 | Orc:2    | Found a roughly hewn altar of Beogh.
 29853 | Orc:2    | HP: 5/132 [orc sorcerer/bolt of fire (11)]
 31016 | Orc:2    | Found a staircase to the Elven Halls.
 31091 | Orc:2    | Reached skill level 17 in Axes
 31111 | Orc:2    | Got a bound lapis lazuli ring
 31199 | Orc:2    | Got a translucent chain mail
 31250 | Orc:2    | Found Imecwaa's Jewellery Boutique.
 31845 | Orc:2    | Found a roughly hewn altar of Beogh.
 31861 | Orc:2    | Found Zezucav's Antique Armour Emporium.
 32612 | Orc:2    | Found Zixefuh's Magic Scroll Emporium.
 32643 | Orc:2    | Bought a scroll of identify for 24 gold pieces
 32643 | Orc:2    | Bought a scroll of blinking for 90 gold pieces
 32643 | Orc:2    | Bought a scroll of identify for 24 gold pieces
 32643 | Orc:2    | Bought a scroll of blinking for 90 gold pieces
 32643 | Orc:2    | Bought a scroll of identify for 24 gold pieces
 32643 | Orc:2    | Identified the ring "Iqyl" {+Fly rElec rC- MP+9 Str+4} (You found it on level 2 of the Orcish Mines)
 32645 | Orc:2    | Identified the +6 chain mail "Maock" {*Confuse rC++ MR+ SInv} (You found it on level 2 of the Orcish Mines)
 32678 | Orc:2    | Found Nene's Antique Weapon Shoppe.
 33291 | Orc:2    | Bought a shiny scale mail for 68 gold pieces
 33311 | Orc:2    | Bought a shiny chain mail for 76 gold pieces
 33356 | Orc:2    | Reached skill level 18 in Axes
 33425 | D:11     | Noticed Harold
 33465 | D:11     | Killed Harold
 34155 | D:11     | Noticed Psyche
 34163 | D:11     | Killed Psyche
 35194 | D:12     | Reached skill level 19 in Axes
 35601 | D:13     | Cast into level 2 of the Abyss (an ogre mage)
 35644 | D:13     | Escaped the Abyss
 35677 | D:13     | Found Norol's Jewellery Emporium.
 35678 | D:13     | Found a gate to the Vaults.
 35735 | D:13     | Bought the amulet "Ifiat" {Gourm MR+ Int+3} for 684 gold pieces
 35829 | D:13     | Reached XP level 16. HP: 129/138 MP: 25/25
 35934 | D:13     | Noticed Sonja
 35975 | D:13     | Killed Sonja
 37105 | D:12     | Reached skill level 20 in Axes
 40004 | D:14     | Noticed Nessos
 40017 | D:14     | Killed Nessos
 40134 | D:14     | Noticed Kirke
 40585 | D:14     | Killed Kirke
 41706 | D:15     | Entered Level 15 of the Dungeon
 42877 | D:15     | Got a pitted chain mail
 42878 | D:15     | Identified the cursed +0 chain mail of Paczofu {*Corrode Str+8 Int-4 Dex+4} (You found it on level 15 of the Dungeon)
 42937 | D:15     | Reached skill level 15 in Fighting
 42952 | D:15     | Found a blossoming altar of Fedhas.
 43768 | D:15     | Found a staircase to the Depths.
 43834 | D:15     | Identified a +4 battleaxe of distortion (a cursed +2 battleaxe corrupted by Lugonu)
 43834 | D:15     | Received a gift from Lugonu
 43835 | D:15     | Upgraded the game from 0.18-a0-822-gb52b7b4 to 0.18-a0-824-g47fe746
 44113 | Spider:1 | Entered Level 1 of the Spider Nest
 44762 | Spider:1 | Reached XP level 17. HP: 142/159 MP: 26/26
 46039 | Spider:2 | Noticed Arachne
 46144 | Spider:2 | Banished Arachne
 46390 | Spider:2 | Learned a level 2 spell: Repel Missiles
 47650 | Spider:4 | Entered Level 4 of the Spider Nest
 48012 | Spider:4 | Reached skill level 1 in Charms
 48030 | Spider:4 | Reached skill level 1 in Air Magic
 48689 | Spider:4 | Noticed George's ghost (adept HuAr)
 48696 | Spider:4 | Corrupted Spider:4
 48706 | Spider:4 | Noticed Aizul
 48720 | Spider:4 | Killed George's ghost
 48725 | Spider:4 | Killed Aizul
 48773 | Spider:4 | Got a gossamer rune of Zot
 49184 | Lair:5   | Identified a scroll of acquirement
 49185 | Lair:5   | Got a topaz-encrusted scale mail
 49186 | Lair:5   | Identified the +0 scale mail of Cheibriados's Hatred {+Blink Int-2 SInv} (You acquired it on level 5 of the Lair of Beasts)
 49250 | Swamp:1  | Entered Level 1 of the Swamp
 49345 | Swamp:1  | Reached XP level 18. HP: 167/167 MP: 27/27
 49520 | Swamp:1  | Noticed Roxanne
 49633 | Swamp:1  | Found a burning altar of Makhleb.
 50253 | Swamp:2  | Noticed Frances
 50256 | Swamp:2  | Reached skill level 5 in Charms
 50267 | Swamp:2  | Banished Frances
 51016 | Swamp:3  | Reached skill level 5 in Air Magic
 51911 | Swamp:4  | Entered Level 4 of the Swamp
 51978 | Swamp:4  | Noticed Donald
 51997 | Swamp:4  | Killed Donald
 52112 | Swamp:4  | Identified the Handbook of the Oath
 52170 | Swamp:4  | Learned a level 3 spell: Regeneration
 52426 | Swamp:4  | Reached skill level 1 in Necromancy
 52543 | Swamp:4  | Reached skill level 1 in Spellcasting
 52732 | Swamp:4  | Got a decaying rune of Zot
 52813 | Swamp:4  | Learned a level 2 spell: Blink
 52997 | Swamp:4  | Reached skill level 1 in Translocations
 53736 | Elf:1    | Entered Level 1 of the Elven Halls
 53741 | Elf:1    | Reached skill level 5 in Necromancy
 53813 | Elf:1    | Noticed Nikola
 54037 | Elf:1    | Reached XP level 19. HP: 169/173 MP: 28/28
 54163 | Elf:1    | Identified Xyurphuka's Compendium of the Entourage
 54254 | Elf:1    | Found a radiant altar of Vehumet.
 55258 | Elf:2    | Reached skill level 5 in Translocations
 55470 | Elf:2    | Found a runed gate.
 55471 | Elf:2    | Found a runed gate.
 55473 | Elf:2    | Found a runed gate.
 55625 | Elf:2    | Found Pehom's Gadget Emporium.
 55654 | Elf:2    | Got an ancient scale mail
 55655 | Elf:2    | Identified the +0 scale mail of Patterns {+Inv rF- MR+} (You found it on level 2 of the Elven Halls)
 56102 | Elf:2    | Reached skill level 5 in Spellcasting
 56159 | Elf:2    | Escaped the Abyss
 56869 | Elf:3    | Entered Level 3 of the Elven Halls
 57040 | Elf:3    | Reached XP level 20. HP: 149/182 MP: 24/29
 57069 | Elf:3    | Found a huge runed gate.
 57069 | Elf:3    | Found a huge runed gate.
 57069 | Elf:3    | Found a huge runed gate.
 57072 | Elf:3    | Found a huge runed gate.
 57072 | Elf:3    | Found a huge runed gate.
 57076 | Elf:3    | Found a frozen archway.
 57102 | IceCv    | Entered an ice cave
 57180 | IceCv    | Reached skill level 21 in Axes
 57560 | IceCv    | Got a pair of crude boots
 57593 | IceCv    | Identified the +1 pair of boots "Wofu" {Stlth+} (You found it in an ice cave)
 57635 | Elf:3    | Found a huge runed gate.
 57638 | Elf:3    | Found a huge runed gate.
 57638 | Elf:3    | Found a huge runed gate.
 57638 | Elf:3    | Found a huge runed gate.
 57638 | Elf:3    | Found a huge runed gate.
 57638 | Elf:3    | Found a huge runed gate.
 57675 | Elf:3    | Found a huge runed gate.
 57675 | Elf:3    | Found a huge runed gate.
 57676 | Elf:3    | Found a huge runed gate.
 57680 | Elf:3    | Found a huge runed gate.
 57680 | Elf:3    | Found a huge runed gate.
 57680 | Elf:3    | Found a huge runed gate.
 57681 | Elf:3    | Found a huge runed gate.
 57682 | Elf:3    | Found a huge runed gate.
 57683 | Elf:3    | Found a huge runed gate.
 57684 | Elf:3    | Found Zueluczy's Book Boutique.
 57690 | Elf:3    | Found a huge runed gate.
 57690 | Elf:3    | Found a huge runed gate.
 57699 | Elf:3    | Found a huge runed gate.
 57699 | Elf:3    | Found a huge runed gate.
 57699 | Elf:3    | Found a huge runed gate.
 57699 | Elf:3    | Found a huge runed gate.
 57699 | Elf:3    | Found a huge runed gate.
 57712 | Elf:3    | Found a huge runed gate.
 57713 | Elf:3    | Found a huge runed gate.
 57713 | Elf:3    | Found a huge runed gate.
 57713 | Elf:3    | Found a huge runed gate.
 57718 | Elf:3    | Found a huge runed gate.
 57718 | Elf:3    | Found a huge runed gate.
 57718 | Elf:3    | Found a huge runed gate.
 58528 | Elf:3    | Reached skill level 22 in Axes
 58588 | Elf:3    | Noticed Norris
 58610 | Elf:3    | Gained mutation: You are weak. (Str -2) [a neqoxec]
 58614 | Elf:3    | Gained mutation: You are dopey. (Int -2) [a neqoxec]
 59085 | Elf:3    | Got a pitted ring mail
 59086 | Elf:3    | Identified the +4 ring mail of the Duchess {Int+4 SInv} (You found it on level 3 of the Elven Halls)
 59134 | Abyss:1  | Killed Frances
 59134 | Abyss:1  | Reached skill level 23 in Axes
 59340 | Elf:3    | Escaped the Abyss
 59498 | Elf:3    | Got a slimy golden amulet
 59537 | Elf:3    | Killed Norris
 59543 | Elf:3    | HP: 6/182 [soul eater[a deep elf high priest] (7)]
 60019 | Elf:3    | Corrupted Elf:3
 60019 | Elf:3    | Noticed a bone dragon
 60172 | Elf:3    | Identified the amulet "Tapipluin" {+Rage Int+5} (You took it off a deep elf annihilator on level 3 of the Elven Halls)
 60270 | Elf:3    | Got a crude glass ring
 60342 | Elf:3    | Identified the ring of Kaox {rC+ Int+7} (You found it on level 3 of the Elven Halls)
 60477 | Elf:3    | Identified a +2 rod of ignition (12/12) (You found it on level 3 of the Elven Halls)
 60494 | Elf:3    | Identified the Catalogue of Translocation and Stolen Souls
 60636 | Elf:3    | Reached skill level 24 in Axes
 60819 | Elf:1    | Killed Nikola
 60940 | D:10     | Upgraded the game from 0.18-a0-824-g47fe746 to 0.18-a0-844-g9229740
 61033 | Vaults:1 | Entered Level 1 of the Vaults
 61148 | Vaults:1 | Reached XP level 21. HP: 140/189 MP: 30/30
 61267 | Vaults:1 | Found a flickering gateway to a bazaar.
 61322 | Bazaar   | Entered a bazaar
 61322 | Bazaar   | Found Olosaore's Antique Weapon Shoppe.
 61322 | Bazaar   | Found Ireskyto's Armour Emporium.
 61323 | Bazaar   | Found Ahiegeic's Distillery.
 61323 | Bazaar   | Found Mor Cionwu's Assorted Antiques.
 61351 | Bazaar   | Bought a potion of resistance for 90 gold pieces
 61351 | Bazaar   | Bought a potion of agility for 36 gold pieces
 61351 | Bazaar   | Bought a potion of resistance for 90 gold pieces
 61351 | Bazaar   | Bought a potion of cure mutation for 315 gold pieces
 61351 | Bazaar   | Bought a potion of curing for 27 gold pieces
 61351 | Bazaar   | Bought a potion of haste for 90 gold pieces
 61723 | Vaults:1 | Reached skill level 25 in Axes
 61959 | Vaults:1 | HP: 7/189 [vault warden/dire flail (15)]
 63503 | Vaults:2 | Found Xiumus's Book Emporium.
 63738 | Vaults:2 | Reached skill level 26 in Axes
 63940 | Vaults:2 | Reached XP level 22. HP: 169/196 MP: 31/31
 64068 | Vaults:2 | Found a staircase to the Crypt.
 64324 | Vaults:3 | Found Genouwir's Book Emporium.
 64409 | Vaults:3 | Found Zail's Jewellery Emporium.
 64414 | Vaults:3 | Found Gammo's General Store.
 64433 | Vaults:3 | Bought a scroll of magic mapping for 63 gold pieces
 64433 | Vaults:3 | Bought a potion of berserk rage for 90 gold pieces
 64433 | Vaults:3 | Bought 2 potions of curing for 108 gold pieces
 64577 | Vaults:3 | Found Jif Ineo's Food Shop.
 65044 | Vaults:3 | Found Sarepsat's Antique Weapon Shop.
 65777 | Vaults:4 | Noticed Boris
 65799 | Vaults:4 | Reached skill level 15 in Dodging
 65810 | Vaults:4 | Blown up by Boris

Vault maps used:
D:1:      evilmike_arrival_come_back, minmay_misc_feat_tiny,
          minmay_misc_feat_encased, lemuel_flame_loot_1
D:2:      kennysheep_jessica_study, uniq_iyjb, uniq_robin
D:3:      grunt_ministairs_6, grunt_ashenzari_visionary
D:4:      first_bread, hangedman_decor_riveting,
          nicolae_dithmenos_through_a_glass_darkly
D:5:      minmay_temple_entry_crystal_x, basic_altar, serial_shops,
          nicolae_shop_waterfront, enter_ossuary_3, uniq_duvessa
D:6:      serial_shops, shop, serial_undead, serial_undead_e, serial_undead_f,
          serial_undead_b, serial_undead_a
D:7:      serial_corexii_hall, corexii_hall_statues_s, corexii_hall_statues_l,
          roderic_batcave, uniq_joseph, uniq_pikel
D:8:      erik_lair_orcish_takeover, serial_shops, nicolae_shop_behind_doors,
          uniq_gastronok
D:9:      gammafunk_temple_overflow_wave
D:10:     david_orc_2
D:11:     uniq_psyche, uniq_harold
D:12:     hangedman_stone_soup, spider_trap
D:13:     serial_shops, nicolae_shop_waterfront, uniq_sonja
D:14:     hex_medium, hangedman_decor_diamond_cutter,
          minmay_misc_feat_nine_boxes, uniq_kirke, uniq_nessos
D:15:     hangedman_depths_entry_civil_slaughter, fedhas_altar_4
Lair:1:   serial_bayou_shore_a
Lair:2:   grunt_megastairs_5, infiniplex_staircase_pool_2, uniq_erica
Lair:3:   minmay_swamp_entry_worms, st_stairs_10, grunt_megastairs_4, uniq_urug
Lair:4:   minmay_lair_oklob_items
Lair:5:   lemuel_slime, spider_nest_entry_webs, basic_altar, patterned_corridor
Lair:6:   uniq_maud
Lair:7:   beast_lair_carwin_2, lemuel_fruit_tree, infiniplex_staircase_pool
Lair:8:   minmay_lair_end_enchanted_forest, slime_dummy
Swamp:1:  nicolae_swamp_godswood, swamp_pool1, uniq_roxanne
Swamp:2:  nicolae_swamp_round_clearing, uniq_frances
Swamp:3:  evilmike_swamp_ruin_house_6
Swamp:4:  swamp_basic_johnstein, uniq_donald
Spider:1: spider_trap
Spider:2: spider_trap, uniq_arachne
Spider:4: grunt_spider_rune_circles, worms_lemuel, uniq_aizul
Orc:1:    nicolae_volcano_entry_lava_flow, bloody_trog
Orc:2:    pubby_orc_utopia, serial_shops
Elf:1:    elf_arrival_002, basic_altar, minmay_elf_demonology, uniq_nikola
Elf:2:    serial_shops, nicolae_shop_crystal, lemuel_elevator
Elf:3:    minmay_elf_hall_hex, serial_shops, nicolae_shop_crystal,
          portal_ice_cave_demonic_guard, door_vault, uniq_norris
Vaults:1: st_star, nicolae_vaults_shelves_hall, hangedman_vaults_slice,
          v_misc_26, v_misc_14, ontoclasm_vaults_tryst, grunt_vaults_diagonal,
          v_misc_16, grunt_vaults_focal, nicolae_vaults_little_squares_6,
          grunt_vaults_hallway_long, nicolae_vaults_mini_display_case,
          serial_shops, bzr_in_the_mist
Vaults:2: minmay_crypt_entry_simple_plaza, grunt_vaults_hallway_short,
          ontoclasm_vaults_idyll, st_lattice, v_misc_28,
          dpeg_vaults_monster_box, vaults_room_door_hall,
          ontoclasm_vaults_fault, v_misc_28, v_misc_10,
          vaults_room_mumra_shop_pool, v_misc_10, vaults_dpeg_encased_lava,
          ontoclasm_vaults_loading_screen
Vaults:3: vaults_room_fancy_cross, hangedman_vaults_variations,
          nicolae_vaults_theta, v_misc_30, vaults_room_fancy_cross,
          hangedman_vaults_river_flow, hangedman_vaults_snaps,
          grunt_vaults_hallway_short, vaults_mumra_chevron,
          hangedman_vaults_capsules, vaults_standard_mumra_lines, v_misc_8,
          nicolae_vaults_diagonal_hallway_8, nicolae_vaults_little_squares_3,
          hangedman_vaults_impose, grunt_vaults_hallway_short,
          nicolae_vaults_display_case, serial_shops, nicolae_shop_stone,
          nicolae_shop_overgrown_old_shop, nicolae_shop_behind_doors,
          nicolae_shop_stone, shop
Vaults:4: hangedman_vaults_cutoff, vaults_standard_mumra_enter_the_diamond,
          hangedman_vaults_trim, grunt_vaults_funnel, vaults_dpeg_diagonal,
          dpeg_vaults_monster_row, uniq_boris, uniq_mara
Abyss:2:  serial_sigils_hangedman_gut, abyss_fake_exit
Bazaar:   bazaar_minmay_row
Ossuary:  ossuary_crypta
IceCv:    ice_cave_caverns_02
Volcano:  kennysheep_volcano_temple

Action                   |  1- 3 |  4- 6 |  7- 9 | 10-12 | 13-15 | 16-18 | 19-21 | 22-24 || total
-------------------------+-------+-------+-------+-------+-------+-------+-------+-------++-------
Melee: Hand axe          |    85 |   302 |   600 |    40 |       |   473 |       |       ||  1500
       War axe           |       |       |   109 |  1157 |  1485 |   634 |       |       ||  3385
       Battleaxe         |       |       |       |       |   904 |  1319 |   805 |       ||  3028
       Executioner's axe |       |       |       |       |       |       |   793 |   349 ||  1142
 Fire: Blowgun           |       |       |       |       |       |    90 |       |       ||    90
 Cast: Repel Missiles    |       |       |       |       |       |     3 |    30 |     6 ||    39
       Regeneration      |       |       |       |       |       |     1 |   194 |    25 ||   220
       Blink             |       |       |       |       |       |       |     4 |       ||     4
Invok: Depart the Abyss  |     1 |       |       |       |     1 |       |     1 |       ||     3
       Bend Space        |       |       |       |       |       |     1 |       |       ||     1
       Brand Weapon With |       |       |       |       |       |     1 |       |       ||     1
       Banish            |       |       |       |       |       |     5 |       |       ||     5
       Corrupt           |       |       |       |       |       |     1 |     1 |       ||     2
       Enter the Abyss   |       |       |       |       |       |       |     2 |       ||     2
Evoke: Wand              |       |       |       |    16 |    14 |    25 |     8 |       ||    63
       Phial of floods   |       |       |       |       |       |       |     1 |       ||     1
  Use: Scroll            |       |     4 |    13 |     9 |    20 |    16 |    23 |     9 ||    94
       Potion            |       |       |     6 |     5 |    13 |    12 |    10 |       ||    46
 Stab: Confused          |       |       |       |       |       |     2 |       |       ||     2
       Invisible         |       |       |       |       |       |       |     1 |       ||     1
  Eat: Chunk             |     2 |     8 |    14 |    25 |    53 |    43 |    48 |     8 ||   201
       Beef jerky        |       |       |       |     2 |       |       |       |       ||     2
       Royal jelly       |       |       |       |     3 |       |       |     1 |       ||     4
       Pizza             |       |       |       |     1 |     1 |     1 |     1 |       ||     4
       Meat ration       |       |       |       |       |     1 |     5 |     2 |       ||     8
       Fruit             |       |       |       |       |       |       |     2 |       ||     2
